 Dungeon Crawl Stone Soup version 0.21.0-24-g2553a33 (webtiles) character file.

72 Mgcat the Slasher (level 4, 0/33 HPs)
             Began as a Demonspawn Gladiator on Jan 19, 2018.
             Succumbed to an adder's poison
             ... on level 2 of the Dungeon.
             The game lasted 00:03:20 (1460 turns).

Mgcat the Slasher (Demonspawn Gladiator)            Turns: 1460, Time: 00:03:21

Health: 0/33       AC:  4    Str: 14 (15) XL:     4   Next: 6%
Magic:  4/4        EV: 12    Int:  9 (10) God:
Gold:   63         SH:  0    Dex: 11 (14) Spells: 3/3 levels left

rFire    . . .     SeeInvis .   a - +0 long sword
rCold    . . .     Gourm    .   (no shield)
rNeg     . . .     Faith    .   b - +0 leather armour
rPois    .         Spirit   .   c - +0 helmet
rElec    .         Reflect  .   (no cloak)
rCorr    .         Harm     .   (no gloves)
MR       .....                  (no boots)
Stlth    ++........             (no amulet)
HPRegen  0.11/turn              (no ring)
MPRegen  0.09/turn              (no ring)

@: lethally poisoned (0 -> -8), hasted, very quick
A: nightstalker 1, sturdy frame 1
a: no special abilities


You were on level 2 of the Dungeon.
You were not hungry.

You visited 1 branch of the dungeon, and saw 2 of its levels.

You collected 63 gold pieces.

Inventory:

Hand Weapons
 a - a +0 long sword (weapon)
Missiles
 d - 3 throwing nets (quivered)
Armour
 b - a +0 leather armour (worn)
 c - a +0 helmet (worn)
Jewellery
 e - a cursed ring of teleportation {unknown}
Scrolls
 i - a scroll of identify {unknown}
 j - 2 scrolls of remove curse {unknown}
 n - a scroll of blinking {unknown}
 o - a scroll of teleportation {unknown}
 p - a scroll of fog {unknown}
Potions
 l - a potion of heal wounds {unknown}
 m - a potion of lignification {unknown}
Comestibles
 f - a ration
 k - 2 chunks of flesh


   Skills:
 - Level 2.0 Fighting
 + Level 4.5 Long Blades
 - Level 1.7 Throwing
 - Level 2.6 Dodging


You had 3 spell levels left.
You didn't know any spells.

Dungeon Overview and Level Annotations

Branches:
Dungeon (2/15)

Altars:
Fedhas


Innate Abilities, Weirdness & Mutations

You are slightly more attuned to the shadows.
Your movements are slightly less encumbered by armour. (ER -2)


Message History

The adder is heavily wounded.
* * * LOW HITPOINT WARNING * * *
You feel sick. The adder misses you.
You riposte.
You hit the adder.
The adder is severely wounded.
You slash the adder!
You kill the adder!
You have reached level 4!
You feel clever.
Your demonic ancestry asserts itself...
You slip into the darkness of the dungeon.
* * * LOW HITPOINT WARNING * * *
You feel sick.
You see here an adder corpse.
It was a potion of degeneration.
There was something very wrong with that liquid.
You feel weakened.
You feel dopey.
You feel clumsy.
* * * LOW HITPOINT WARNING * * *
You feel sick.
Unknown command.
It was a potion of haste.
You feel yourself speed up.
You die...

..# #.........≈_≈≈
#.###..........≈≈≈
#..##..........≈..
#..##...........##
#...#.........###
#######.#.#.........#
......†.#.#.........#
#.............#
#@##..#.#######
#.##..#.# #.###.#.#
#.# #>#.# #.# #.#.#
#.. ..#.# ### ###..
###


There were no monsters in sight!

Vanquished Creatures
  A gnoll (D:1)
  3 adders (D:2)
  A leopard gecko (D:2)
  6 bats
  2 hobgoblins (D:1)
  8 jackals (D:1)
  7 kobolds
  3 frilled lizards (D:1)
  2 goblins (D:1)
  4 rats (D:1)
37 creatures vanquished.

Notes
Turn   | Place    | Note
-------+----------+-------------------------------------------
     0 | D:1      | Mgcat the Demonspawn Gladiator began the quest for the Orb.
     0 | D:1      | Reached XP level 1. HP: 16/16 MP: 1/1
   132 | D:1      | Reached skill level 3 in Long Blades
   201 | D:1      | Gained mutation: Your movements are slightly less encumbered by armour. (ER -2) [demonic ancestry]
   201 | D:1      | Reached XP level 2. HP: 7/22 MP: 2/2
   714 | D:1      | Reached XP level 3. HP: 13/27 MP: 3/3
   742 | D:1      | Reached skill level 4 in Long Blades
  1404 | D:2      | Found a blossoming altar of Fedhas.
  1457 | D:2      | Gained mutation: You are slightly more attuned to the shadows. [demonic ancestry]
  1457 | D:2      | Reached XP level 4. HP: 4/33 MP: 4/4
  1459 | D:2      | HP: 1/33 [poisoned by an adder]
  1460 | D:2      | Succumbed to an adder's poison

Skill      XL: |  1  2  3 |
---------------+----------+-----
Long Blades    | 3 4 |  4.5
Fighting       | |  2.0
Throwing       | |  1.7
Dodging        | |  2.6

Action                   |  1- 3 |  4- 6 || total
-------------------------+-------+-------++-------
Melee: Long sword        |   128 |       ||   128
  Use: Potion            |       |     2 ||     2
 Stab: Sleeping          |     2 |       ||     2
  Eat: Chunk             |     2 |       ||     2
Armor: Leather armour    |    53 |       ||    53
Dodge: Dodged            |   123 |       ||   123
       Rpst.: Long sword |    46 |       ||    46
